 Dungeon Crawl Stone Soup version 0.28.0-53-g5a82cb258f (webtiles) character file.

Game seed: 15956466477222167609

4 LynnLen the Sneak (level 1, -1/13 HPs)
             Began as a Vampire Enchanter on Aug 3, 2022.
             Slain by a goblin
             ... wielding a +0 dagger
              (3 damage)
             ... on level 1 of the Dungeon.
             The game lasted 00:01:49 (289 turns).

LynnLen the Sneak (Vampire Enchanter)                Turns: 289, Time: 00:01:50

Health: -1/13      AC:  2    Str:  7    XL:     1   Next: 58%
Magic:  3/3        EV: 12    Int: 17    God:
Gold:   11         SH:  0    Dex: 14    Spells: 4/4 levels left

rFire   . . .      SeeInvis +   a - +1 dagger
rCold   . . .      Faith    .   (no shield)
rNeg    . . .      Spirit   .   b - +0 robe
rPois   .          Reflect  .   (no helmet)
rElec   .          Harm     .   (no cloak)
rCorr   .          Rampage  .   (no gloves)
Will    .....                   (no boots)
Stlth   +++.......              (no amulet)
HPRegen 0.24/turn               (no ring)
MPRegen 0.08/turn               (no ring)

@: healing quickly, invisible
A: alive, fangs 3, see invisible, vampiric 1
a: Exsanguinate


You were on level 1 of the Dungeon.
You visited 1 branch of the dungeon, and saw 1 of its levels.

You collected 11 gold pieces.

Inventory:

Hand Weapons
 a - a +1 dagger (weapon)
Armour
 b - a +0 robe (worn)
Scrolls
 d - a scroll of identify {unknown}


   Skills:
 * Level 1.3 Short Blades
 + Level 2.2 Dodging
 + Level 4.7 Stealth
 - Level 2.0 Spellcasting
 - Level 4.4 Hexes


You had 4 spell levels left.
You didn't know any spells.
Your spell library contained the following spells:

 Spells                   Type           Power      Damage    Failure   Level
 Confusing Touch          Hex            16%        N/A       10%         3
 Tukima's Dance           Hex            16%        N/A       10%         3
 Ensorcelled Hibernation  Hex/Ice        18%        N/A       12%         2
 Dazzling Flash           Conj/Hex       18%        N/A       24%         3


Dungeon Overview and Level Annotations

Branches:
Dungeon (1/15)

Altars:


Innate Abilities, Weirdness & Mutations

Your natural rate of healing is accelerated.
You have razor-sharp teeth.
You have supernaturally acute eyesight. (SInv)
You are afflicted with vampirism.


Message History

The bat barely misses you.
You hit the bat but do no damage.
The bat is heavily wounded.
The bat hits you but does no damage. The bat hits you but does no damage.
You hit the bat.
The bat is severely wounded.
The bat closely misses you. The bat barely misses you.
You hit the bat.
The bat is severely wounded.
The bat closely misses you.
You hit the bat. You bite the bat.
You kill the bat!
You now have 11 gold pieces.
The endoplasm quivers.
A rat comes into view.
Found a purple potion.
The endoplasm barely misses you.
You hit the endoplasm.
The endoplasm is lightly wounded.
You hit the endoplasm but do no damage.
The endoplasm is lightly wounded.
The endoplasm closely misses you.
You hit the endoplasm but do no damage.
The endoplasm is lightly wounded.
The goblin shouts!
The hobgoblin shouts!
You hear a shout! x2
A kobold comes into view. It is wielding a +0 short sword.
The endoplasm freezes you.
You are frozen.
A giant cockroach comes into view.
A ball python comes into view.
The endoplasm hits you but does no damage.
The endoplasm hits you. The endoplasm freezes you.
You are frozen.
* * * LOW HITPOINT WARNING * * *
You fade into invisibility!
The giant cockroach bites you.
* * * LOW HITPOINT WARNING * * *
The goblin hits you with a +0 dagger.
You die...

.....###†# #.# #.#
.......#.# #.# #.#
.......#.# #.###.#
.......#.# #.....#
#......#.# #######
#####'##.# ########
.###...#.# #......#
.....8.#.######......#
.###...#........@J...#
## ############.gB...#
#.............#
#.######...g.##
#####.....#
#........r.#
#..........#
#..........#
#..............#


You could see an endoplasm, a giant cockroach, a hobgoblin, a goblin and a rat.

Vanquished Creatures
  A bat (D:1)
  A hobgoblin (D:1)
  A quokka (D:1)
  A ball python (D:1)
4 creatures vanquished.

Notes
Turn   | Place    | Note
-------+----------+-------------------------------------------
     0 | D:1      | LynnLen the Vampire Enchanter began the quest for the Orb.
     0 | D:1      | Reached XP level 1. HP: 13/13 MP: 3/3
   289 | D:1      | Slain by a goblin

Illustrated notes

Levels and vault maps discovered:
D:1:      minmay_arrival_nine_rooms, layout_basic, minmay_misc_feat_rows,
          minmay_heptomino_w4

Action                   || total
-------------------------++-------
Melee: Dagger            ||    19
       Bite              ||     1
  Use: Potion            ||     1
 Stab: Sleeping          ||     3
Armor: Robe              ||     5
Dodge: Dodged            ||    18
